 Dungeon Crawl Stone Soup version 0.21.1-1-g345015fe64 (webtiles) character file.

490 Gobser the Skirmisher (level 7, -1/59 HPs)
             Began as a Gnoll Wanderer on May 18, 2018.
             Slain by an iguana (11 damage)
             ... on level 4 of the Dungeon.
             The game lasted 00:08:50 (3494 turns).

Gobser the Skirmisher (Gnoll Wanderer)              Turns: 3494, Time: 00:08:51

Health: -1/59      AC:  3    Str: 12    XL:     7   Next: 14%
Magic:  10/10      EV: 15    Int: 18    God:
Gold:   198        SH:  0    Dex: 15    Spells: 10/10 levels left

rFire    . . .     SeeInvis .   a - +3 dagger
rCold    . . .     Gourm    .   (no shield)
rNeg     . . .     Faith    .   e - +0 robe
rPois    .         Spirit   .   (no helmet)
rElec    .         Reflect  .   (no cloak)
rCorr    .         Harm     .   b - +0 pair of gloves
MR       .....                  (no boots)
Stlth    +++.......             (no amulet)
HPRegen  0.19/turn              (no ring)
MPRegen  0.12/turn              (no ring)

@: no status effects
A: distributed training, fangs 1, strong nose
a: no special abilities


You were on level 4 of the Dungeon.
You were not hungry.

You visited 1 branch of the dungeon, and saw 4 of its levels.

You collected 198 gold pieces.

Inventory:

Hand Weapons
 a - a +3 dagger (weapon)
 c - a +0 mace
Missiles
 h - 7 tomahawks (quivered)
Armour
 b - a +0 pair of gloves (worn)
 e - a +0 robe (worn)
Scrolls
 d - a scroll of teleportation
 f - a scroll of enchant armour {unknown}
 g - a scroll of fog
 j - a scroll of remove curse
 k - a scroll of identify
Potions
 i - a potion of magic


   Skills:
 + Level 6.9 Fighting
 + Level 2.2 Short Blades
 + Level 2.2 Long Blades
 + Level 2.2 Axes
 + Level 3.4 Maces & Flails
 + Level 2.2 Polearms
 + Level 2.2 Staves
 + Level 2.2 Slings
 + Level 2.2 Bows
 + Level 2.2 Crossbows
 + Level 2.2 Throwing
 + Level 3.4 Armour
 + Level 5.1 Dodging
 + Level 4.7 Stealth
 + Level 3.4 Shields
 + Level 2.2 Unarmed Combat
 + Level 2.2 Spellcasting
 + Level 1.8 Conjurations
 + Level 1.8 Hexes
 + Level 1.8 Charms
 + Level 1.8 Summonings
 + Level 1.8 Necromancy
 + Level 1.8 Translocations
 + Level 1.8 Transmutations
 + Level 1.8 Fire Magic
 + Level 1.8 Ice Magic
 + Level 1.8 Air Magic
 + Level 1.8 Earth Magic
 + Level 1.8 Poison Magic
 + Level 2.5 Invocations
 + Level 2.2 Evocations


You had 10 spell levels left.
You didn't know any spells.

Dungeon Overview and Level Annotations

Branches:
Dungeon (4/15)
 Temple: D:4-7

Altars:
Elyvilon

Annotations:
D:4 Tali's ghost, amateur MiFi


Innate Abilities, Weirdness & Mutations

Your experience applies equally to all skills.
You have very sharp teeth.
Your uncanny sense of smell can sniff out nearby items.


Message History

The iguana bites you.
You hit the iguana but do no damage.
The iguana is heavily wounded.
The iguana hisses menacingly.
The iguana bites you. Tali's ghost hits you.
You hit the iguana but do no damage.
The iguana is heavily wounded.
The iguana completely misses you. Tali's ghost misses you.
You hit the iguana.
The iguana is almost dead.
The iguana bites you! Tali's ghost hits you!
* * * LOW HITPOINT WARNING * * *
You barely miss the iguana. You bite the iguana, but do no damage.
The iguana is almost dead.
The iguana barely misses you.
You hit the iguana.
The iguana is almost dead.
Tali's ghost hits you but does no damage.
The iguana bites you!
You die...

#...... ##.......
##........ ##
.(....... ..####
.........
#....########........
#............W.......
#...#....###@l!......
##........#
###.......
#.........# ##.....
#.........## ....
#..........# #..
#..........# .
##<.).......#
#..##.......#
###..##.......#


You could see an iguana and Tali's ghost.

Vanquished Creatures
  Sigmund (D:2)
  An ogre (D:4)
  A hound (D:3)
  2 orc priests (D:4)
  A worker ant (D:4)
  5 adders
  2 howler monkey skeletons
  An ooze (D:3)
  An adder skeleton (D:3)
  2 dart slugs (D:1)
  A leopard gecko (D:3)
  7 orcs
  2 ball pythons
  2 giant cockroaches
  4 hobgoblins
  2 quokkas
  4 bats
  3 frilled lizards (D:2)
  11 goblins
  3 kobolds
  8 rats
64 creatures vanquished.

Notes
Turn   | Place    | Note
-------+----------+-------------------------------------------
     0 | D:1      | Gobser the Gnoll Wanderer began the quest for the Orb.
     0 | D:1      | Gobser set off with: a +2 dagger, a potion of berserk rage, a +0 mace, a scroll of teleportation, a +0 robe, a ration
     0 | D:1      | Reached XP level 1. HP: 23/23 MP: 1/1
    70 | D:1      | Reached XP level 2. HP: 27/29 MP: 2/2
   458 | D:1      | Reached XP level 3. HP: 33/35 MP: 3/3
   828 | D:2      | Noticed Sigmund
   848 | D:2      | Killed Sigmund
   848 | D:2      | Reached skill level 1 in Short Blades
   848 | D:2      | Reached skill level 1 in Long Blades
   848 | D:2      | Reached skill level 1 in Axes
   848 | D:2      | Reached skill level 1 in Polearms
   848 | D:2      | Reached skill level 1 in Staves
   848 | D:2      | Reached skill level 1 in Slings
   848 | D:2      | Reached skill level 1 in Bows
   848 | D:2      | Reached skill level 1 in Crossbows
   848 | D:2      | Reached skill level 1 in Throwing
   848 | D:2      | Reached skill level 1 in Unarmed Combat
   848 | D:2      | Reached skill level 1 in Spellcasting
   848 | D:2      | Reached skill level 1 in Conjurations
   848 | D:2      | Reached skill level 1 in Hexes
   848 | D:2      | Reached skill level 1 in Charms
   848 | D:2      | Reached skill level 1 in Summonings
   848 | D:2      | Reached skill level 1 in Necromancy
   848 | D:2      | Reached skill level 1 in Translocations
   848 | D:2      | Reached skill level 1 in Transmutations
   848 | D:2      | Reached skill level 1 in Fire Magic
   848 | D:2      | Reached skill level 1 in Ice Magic
   848 | D:2      | Reached skill level 1 in Air Magic
   848 | D:2      | Reached skill level 1 in Earth Magic
   848 | D:2      | Reached skill level 1 in Poison Magic
   848 | D:2      | Reached skill level 1 in Invocations
   848 | D:2      | Reached skill level 1 in Evocations
   848 | D:2      | Reached XP level 4. HP: 34/41 MP: 4/6
   848 | D:2      | Reached XP level 5. HP: 39/47 MP: 4/7
  1044 | D:2      | Found a white marble altar of Elyvilon.
  1556 | D:3      | Reached XP level 6. HP: 51/53 MP: 8/8
  2261 | D:4      | Noticed Tali's ghost (amateur MiFi)
  2649 | D:4      | Reached skill level 5 in Dodging
  3055 | D:4      | Reached XP level 7. HP: 34/59 MP: 10/10
  3494 | D:4      | Slain by an iguana

Skill      XL: |  1  2  3  4  5  6 |
---------------+-------------------+-----
Short Blades   | 1 2 |  2.2
Long Blades    | 1 2 |  2.2
Axes           | 1 2 |  2.2
Maces & Flails | 3 |  3.4
Polearms       | 1 2 |  2.2
Staves         | 1 2 |  2.2
Slings         | 1 2 |  2.2
Bows           | 1 2 |  2.2
Crossbows      | 1 2 |  2.2
Throwing       | 1 2 |  2.2
Armour         | 3 |  3.4
Shields        | 3 |  3.4
Unarmed Combat | 1 2 |  2.2
Spellcasting   | 1 2 |  2.2
Conjurations   | 1 |  1.8
Hexes          | 1 |  1.8
Charms         | 1 |  1.8
Summonings     | 1 |  1.8
Necromancy     | 1 |  1.8
Translocations | 1 |  1.8
Transmutations | 1 |  1.8
Fire Magic     | 1 |  1.8
Ice Magic      | 1 |  1.8
Air Magic      | 1 |  1.8
Earth Magic    | 1 |  1.8
Poison Magic   | 1 |  1.8
Invocations    | 1 2 |  2.5
Evocations     | 1 2 |  2.2
Dodging        | 5 |  5.1
Fighting       | |  6.9
Stealth        | |  4.7

Action                   |  1- 3 |  4- 6 |  7- 9 || total
-------------------------+-------+-------+-------++-------
Melee: Dagger            |    66 |   139 |    30 ||   235
       Bite              |     3 |    15 |     3 ||    21
  Use: Scroll            |     3 |     3 |       ||     6
       Potion            |     2 |     3 |       ||     5
 Stab: Sleeping          |     6 |     6 |       ||    12
       Distracted        |     1 |       |       ||     1
  Eat: Ration            |       |     2 |     1 ||     3
Armor: Robe              |     3 |    14 |     2 ||    19
Dodge: Dodged            |    30 |   111 |    15 ||   156
